 Dungeon Crawl Stone Soup version 0.31.0-12-g77e489cdc1 (webtiles) character file.

Game seed: 4531359353223656857

322 Ruich the Grave Robber (level 6, 0/41 HPs)
             Began as a Vampire Necromancer on Mar 1, 2024.
             Was a Plaything of Xom.
             Slain by an ufetubus (4 damage)
             ... summoned by Xom
             ... on level 4 of the Dungeon.
             The game lasted 00:07:54 (2172 turns).

Ruich the Grave Robber (Vampire Necromancer)        Turns: 2172, Time: 00:07:55

Health: 0/41       AC:  3    Str:  9    XL:     6   Next: 22%
Magic:  19/19      EV: 13    Int: 17    God:    Xom [...*..]
Gold:   136        SH:  0    Dex: 15    Spells: 2/10 levels left

rFire   . . .        f - +2 dagger (elec)
rCold   . . .        (no shield)
rNeg    . . .        a - +0 robe
rPois   .            j - +0 helmet
rElec   .            (no cloak)
rCorr   .            (no gloves)
SInv    +            (no boots)
Will    .....        (no amulet)
Stlth   +++          l - ring of magical power
HPRegen 0.46/turn    (no ring)
MPRegen 0.16/turn

%: no passive effects
@: healing quickly
A: alive, fangs 3, see invisible, vampiric 2
a: Exsanguinate, Renounce Religion


You were on level 4 of the Dungeon.
You worshipped Xom.
You were a favourite toy of Xom.
You visited 1 branch of the dungeon, and saw 5 of its levels.

You collected 136 gold pieces.


Innate Abilities, Weirdness & Mutations

Your natural rate of healing is accelerated.
You have razor-sharp teeth.
You have supernaturally acute eyesight. (SInv)
You are afflicted with vampirism and can become a bat while bloodless.


   Skills:
 - Level 3.0 Dodging
 + Level 6.1 Stealth
 - Level 2.9 Spellcasting
 * Level 6.5 Necromancy


You had 2 spell levels left.
You knew the following spells:

 Your Spells              Type           Power      Damage    Failure   Level
a - Animate Dead          Necr           24%        N/A       12%         4
n - Necrotise             Necr           96%        1d8       1%          1
v - Vampiric Draining     Necr           24%        2d7       3%          3

Your spell library contained the following spells:

 Spells                   Type           Power      Damage    Failure   Level
 Blink                    Tloc           4%         N/A       26%         2
 Lesser Beckoning         Tloc           4%         N/A       26%         2
 Momentum Strike          Conj/Tloc      4%         3d8       26%         2
 Curse of Agony           Necr           24%        N/A       32%         5
 Dazzling Flash           Conj/Hex       4%         N/A       47%         3
 Mephitic Cloud           Conj/Alch/Air  2%         N/A       47%         3
 Cause Fear               Hex            1%         N/A       87%         4
 Fireball                 Conj/Fire      1%         3d3       99%         5
 Silence                  Hex/Air        1%         N/A       99%         5
 Dragon's Call            Summ           1%         N/A       100%        9

Inventory:

Hand Weapons
 f - a +2 dagger of electrocution (weapon)
Missiles
 e - a throwing net {=f}
 h - 5 curare-tipped darts {=f}
 n - 2 silver javelins
 p - 9 poisoned darts
Armour
 a - a +0 robe (worn)
 j - a +0 helmet (worn)
Jewellery
 l - a ring of magical power (left hand)
 s - an amulet of guardian spirit
Wands
 k - a wand of light (10)
Scrolls
 c - 2 scrolls of fog {unknown}
 d - 2 scrolls of amnesia {unknown}
 g - a scroll of noise {unknown}
 q - a scroll of brand weapon {unknown}
 r - a scroll of enchant armour {unknown}
 t - a scroll of teleportation {unknown}
Potions
 b - a potion of magic
 i - 2 potions of attraction {unknown}
 m - a potion of curing {unknown}
 o - 2 potions of lignification {unknown}

Dungeon Overview and Level Annotations

Branches:
Dungeon (5/15)
 Temple: D:4-7

Altars:
Xom

.....#.# #.#.#.###.
####...###.........
#...........#..
####......###
#.###..# #...#..# .
#.#..# ####....#
#@55...#####
#####......##.
#.........#
#............
................
#..#............
+...............
###.............
o.#..$.......$..


You could see 2 ufetubi.


Message History

Unknown command.
You hit the shadow imp but do no damage.
Lightning courses through the shadow imp!
The shadow imp is severely wounded.
The shadow imp gestures at you. Pain shoots through your body!
* * * LOW HITPOINT WARNING * * *
You hit the shadow imp.
Lightning courses through the shadow imp!
You kill the shadow imp!
The shadow imp disappears in a puff of smoke!
You closely miss the shadow imp. You bite the shadow imp.
The shadow imp is heavily wounded.
You hit the shadow imp but do no damage.
Lightning courses through the shadow imp!
You kill the shadow imp!
The shadow imp disappears in a puff of smoke!
The ufetubus barely misses you. The ufetubus closely misses you.
You closely miss the ufetubus. Your bite misses the ufetubus.
* * * LOW HITPOINT WARNING * * *
x2 You barely miss the ufetubus.
* * * LOW HITPOINT WARNING * * *
x2 The ufetubus closely misses you. x2
You barely miss the ufetubus. Your bite misses the ufetubus.
The ufetubus completely misses you.
* * * LOW HITPOINT WARNING * * *
You barely miss the ufetubus.
* * * LOW HITPOINT WARNING * * *
You die... "This toy is broken."

Skill      XL: |  1  2  3  4  5 |
---------------+----------------+-----
Stealth        | 4 6 |  6.1
Dodging        | 3 |  3.0
Necromancy     | 5 6 |  6.5
Spellcasting   | |  2.9

Action                     |  1- 3 |  4- 6 || total
---------------------------+-------+-------++-------
  Melee: Unarmed           |     7 |       ||     7
         Bite              |     2 |     6 ||     8
         Dagger            |    16 |    81 ||    97
   Cast: Necrotise         |    28 |    40 ||    68
         Vampiric Draining |       |     3 ||     3
   Stab: Invisible         |       |     2 ||     2
         Sleeping          |       |     1 ||     1
 Armour: Robe              |    14 |    53 ||    67
  Dodge: Dodged            |    23 |    96 ||   119

Levels and vault maps discovered:
D:1:      minmay_arrival_plants_in_alcoves, layout_basic,
          shapermc_ecumenical_altar_mp_highgroup
D:2:      layout_basic, nicolae_grassy_gnolls
D:3:      layout_rooms
D:4:      layout_basic, mainiacjoe_overflow_alcove_2,
          mainiacjoe_overflow_alcove_1, zin_angel, temple_pool_b,
          minmay_a_box_with_orc_wizards_in_it
D:5:      layout_basic, minivault_24, uniq_sigmund

Notes
Turn   | Place    | Note
-------+----------+-------------------------------------------
     0 | D:1      | Ruich the Vampire Necromancer began the quest for the Orb.
     0 | D:1      | Reached XP level 1. HP: 13/13 MP: 3/3
   256 | D:1      | Reached XP level 2. HP: 19/19 MP: 0/5
   434 | D:1      | Found a faded altar of an unknown god.
   440 | D:1      | Prayed at the altar of an unknown god.
   440 | D:1      | Became a worshipper of Xom the Unpredictable
   845 | D:2      | XOM: cast spell 'Olgreb's Toxic Radiance'
   846 | D:2      | Gained mutation: You are afflicted with vampirism and can
                  | become a bat while bloodless. [Vampire growth]
   846 | D:2      | Reached XP level 3. HP: 17/24 MP: 6/6
   851 | D:2      | Reached skill level 4 in Stealth
   862 | D:2      | Reached skill level 3 in Dodging
   880 | D:2      | Learned a level 3 spell: Vampiric Draining
   937 | D:2      | Reached XP level 4. HP: 30/30 MP: 3/7
  1046 | D:2      | Reached skill level 5 in Necromancy
  1141 | D:2      | XOM: smoke on damage
  1260 | D:2      | XOM: silly message
  1263 | D:2      | XOM: summons 3 friendly demons
  1401 | D:2      | Reached XP level 5. HP: 26/35 MP: 9/9
  1411 | D:2      | Learned a level 4 spell: Animate Dead
  1414 | D:2      | XOM: god gift: 2 silver javelins
  1691 | D:3      | XOM: noise
  1712 | D:3      | Reached skill level 5 in Stealth
  1802 | D:3      | You fall into a shaft and drop 2 floors!
  1802 | D:5      | Entered Level 5 of the Dungeon
  1841 | D:5      | XOM: potion effect (invisibility)
  1877 | D:5      | XOM: god gift: 10 gold pieces
  1923 | D:5      | HP: 1/35 [gnoll/+0 flail[a gnoll bouda] (10)]
  1953 | D:5      | Reached skill level 6 in Necromancy
  2039 | D:4      | Reached skill level 6 in Stealth
  2039 | D:4      | Reached XP level 6. HP: 41/41 MP: 10/10
  2158 | D:4      | XOM: summons 4 hostile demons
  2172 | D:4      | HP: 4/41 [ufetubus[Xom] (3)]
  2172 | D:4      | Slain by an ufetubus

Vanquished Creatures
  A scorpion (D:4)
  A hound (D:5)
  An iguana (D:5)
  4 adders
  8 gnolls
  A white imp (D:5)
  2 dart slugs
  5 orcs
  2 bats (D:1)
  2 endoplasms
  3 giant cockroaches
  4 goblins
  A hobgoblin (D:1)
  2 kobolds (D:2)
  4 quokkas
  10 ball pythons
  A frilled lizard (D:3)
  2 rats (D:2)
54 creatures vanquished.

Vanquished Creatures (collateral kills)
  3 gnolls
  A bat (D:1)
  An endoplasm (D:1)
  A goblin (D:1)
  A kobold (D:2)
7 creatures vanquished.

Vanquished Creatures (others)
  A ball python (D:3)
1 creature vanquished.

Grand Total: 62 creatures vanquished

Table legend: (Time is in decaauts)
 A = Elapsed time spent in this place.
 B = Non-inter-level travel time spent in this place.
 C = Inter-level travel time spent in this place.
 D = Time resting spent in this place.
 E = Time spent auto-exploring this place.
 F = Levels seen in this place.
 G = Mean time per level.
                   A        B        C        D        E       F      G
               +--------+--------+--------+--------+--------+-----+--------+
         Total |   2170 |   2161 |      9 |     12 |   1511 |   5 |  434.0 |
       Dungeon |   2170 |   2161 |      9 |     12 |   1511 |   5 |  434.0 |
               +--------+--------+--------+--------+--------+-----+--------+

Top non-repeatable levels by time:
     D:2: 891 daAuts
     D:1: 798 daAuts
     D:4: 187 daAuts
     D:5: 181 daAuts
     D:3: 110 daAuts

Table legend:
 A = Non-vault XP
 B = Vault XP
 C = Vault XP percentage of total XP
 D = Non-vault monster count
 E = Vault monster count
 F = Vault count percentage of total count
                 A         B        C        D         E       F
            +---------+---------+-------+---------+---------+-------
      Total |     404 |      57 |  12.4 |      57 |       4 |   6.6
            +---------+---------+-------+---------+---------+-------
        D:1 |      31 |       0 |   0.0 |      16 |       0 |   0.0
        D:2 |     116 |      57 |  32.9 |      20 |       4 |  16.7
        D:3 |      18 |       0 |   0.0 |       8 |       0 |   0.0
        D:4 |     100 |       0 |   0.0 |       4 |       0 |   0.0
        D:5 |     139 |       0 |   0.0 |       9 |       0 |   0.0
            +---------+---------+-------+---------+---------+-------
